 Seeded DCSS version 0.28-a0-828-g0121872642 (webtiles) character file.

Game seed: 20211111 (custom seed)

28004 a11behringer the Severer (level 13, -5/116 HPs)
             Began as a Minotaur Fighter on Nov 11, 2021.
             Was a High Priest of Okawaru.
             Slain by a cyclops (14 damage)
             ... on level 13 of the Dungeon.
             The game lasted 00:58:05 (14627 turns).

a11behringer the Severer (Minotaur Fighter)        Turns: 14627, Time: 00:58:06

Health: -5/116     AC: 39    Str: 24    XL:     13   Next: 7%
Magic:  17/18      EV:  8    Int:  5    God:    Okawaru [*****.]
Gold:   255        SH:  0    Dex: 14    Spells: 12/12 levels left

rFire   + . .      SeeInvis +   a - +3 war axe (flame)
rCold   + . .      Faith    +   c - +0 buckler
rNeg    . . .      Spirit   .   L - +11 crystal plate armour of Bellicose Wonder {rF+ rC+}
rPois   .          Reflect  .   I - +0 hat of Gravity {Harm Rampage rF- Dex+2}
rElec   .          Harm     +   y - +1 cloak {rCorr}
rCorr   +          Rampage  +   (no gloves)
Will    .....                   (no boots)
Stlth   ..........              D - amulet of faith
HPRegen 0.29/turn               J - ring of see invisible
MPRegen 0.16/turn               i - ring of protection from fire

@: confused, heroic, finesse-ful, ambrosia-drunk
A: horns 2, retaliatory headbutt
a: Renounce Religion, Heroism, Finesse, Duel


You were on level 13 of the Dungeon.
You worshipped Okawaru.
Okawaru was extremely pleased with you.
You visited 2 branches of the dungeon, and saw 14 of its levels.
You also visited: Gauntlet.

You collected 829 gold pieces.
You spent 574 gold pieces at shops.

Inventory:

Hand Weapons
 a - a +3 war axe of flaming (weapon)
 g - a +1 hunting sling of freezing
 n - a +0 shortbow
Missiles
 f - 124 bolts
 o - 229 arrows
 s - 5 throwing nets (quivered)
 E - 67 sling bullets
 R - 11 silver javelins
Armour
 c - a +0 buckler (worn)
 y - a +1 cloak of preservation (worn)
 I - the +0 hat of Gravity (worn) {Harm Rampage rF- Dex+2}
   (Okawaru gifted it to you on level 8 of the Dungeon)

   Dex:       It affects your dexterity (+2).
   rF:        It makes you vulnerable to fire.
   Harm:      It increases damage dealt and taken.
   Rampage:   It bestows one free step when moving towards enemies.
 L - the +11 crystal plate armour of Bellicose Wonder (worn) {rF+ rC+}
   (Okawaru gifted it to you on level 12 of the Dungeon)

   rF:        It protects you from fire.
   rC:        It protects you from cold.
Jewellery
 e - a ring of ice
 i - a ring of protection from fire (right hand)
 j - a ring of protection from cold
 k - an amulet of guardian spirit
 D - an amulet of faith (around neck)
 J - a ring of see invisible (left hand)
 N - an amulet of the acrobat
Wands
 p - a wand of mindburst (11)
 C - a wand of digging (10)
 F - a wand of polymorph (25)
 H - a wand of flame (51)
 K - a wand of iceblast (36)
 O - a wand of acid (16)
 Z - a wand of paralysis (5)
Scrolls
 b - a scroll of magic mapping
 q - 3 scrolls of teleportation
 x - 4 scrolls of fog
 B - 5 scrolls of amnesia
 P - a scroll of immolation
 Q - a scroll of silence
 V - a scroll of identify
 W - 5 scrolls of enchant weapon
 X - a scroll of enchant armour
 Y - a scroll of blinking
Potions
 d - a potion of might
 h - a potion of curing
 m - 2 potions of flight
 u - 3 potions of haste
 w - 4 potions of brilliance
 z - 3 potions of attraction
 A - 3 potions of resistance
 G - 2 potions of mutation
 M - a potion of lignification
Miscellaneous
 t - a phial of floods
 U - a phantom mirror


   Skills:
 + Level 11.2(16.2) Fighting
 * Level 18.2(23.2) Axes
 + Level 12.7(17.7) Armour
 - Level 1.0(6.0) Dodging
 - Level 5.0(10.0) Shields
 * Level 8.4 Invocations


You had 12 spell levels left.
You didn't know any spells.
Your spell library contained the following spells:

 Spells                   Type           Power      Damage    Failure   Level
 Pain                     Necr           0%         1d4       100%        1
 Slow                     Hex            0%         N/A       100%        1
 Sting                    Tmut/Pois      0%         1d3       100%        1
 Poisonous Vapours        Pois/Air       0%         N/A       100%        2
 Confusing Touch          Hex            0%         N/A       100%        3
 Ozocubu's Armour         Ice            0%         N/A       100%        3
 Vampiric Draining        Necr           0%         2d6       100%        3
 Cause Fear               Hex            0%         N/A       100%        4
 Olgreb's Toxic Radiance  Pois           0%         N/A       100%        4
 Metabolic Englaciation   Hex/Ice        0%         N/A       100%        5
 Yara's Violent Unravell  Hex/Tmut       0%         3d3       100%        5
 Dragon Form              Tmut           0%         N/A       100%        7
 Ozocubu's Refrigeration  Ice            0%         4d5       100%        7
 Ignition                 Fire           0%         3d3       100%        8
 Animate Skeleton         Necr           Unusable   N/A       N/A         1
 Simulacrum               Ice/Necr       Unusable   N/A       N/A         6
 Dragon's Call            Summ           Unusable   N/A       N/A         9

Dungeon Overview and Level Annotations

Branches:
Dungeon (13/15)            Temple (1/1) D:5            Lair (0/6) D:11
    Orc (0/2) D:10         Vaults (0/5) D:13        Gauntlet (visited)

Altars:
Nemelex Xobeh
Okawaru
Qazlal
The Shining One

Shops:
D:13 (?


Innate Abilities, Weirdness & Mutations

You have a pair of horns on your head.
You reflexively headbutt those who attack you in melee.


Message History

The centaur warrior hits you but does no damage.
The centaur warrior kicks you but does no damage.
You barely miss the centaur warrior. You slice the centaur warrior!!
You burn the centaur warrior. You headbutt the centaur warrior!
The centaur warrior is severely wounded.
The vault guard closely misses you.
You hit the centaur warrior. You burn the centaur warrior.
The centaur warrior is severely wounded.
The centaur warrior hits you.
* * * LOW HITPOINT WARNING * * *
The centaur warrior completely misses you.
You hit the centaur warrior but do no damage.
You headbutt the centaur warrior, but do no damage.
The centaur warrior is severely wounded.
The centaur warrior hits you but does no damage.
You block the centaur warrior's attack.
You slash the centaur warrior! You burn the centaur warrior.
The centaur warrior is almost dead.
The vault guard hits you from afar with a +0 bardiche.
* * * LOW HITPOINT WARNING * * *
You slice the centaur warrior!! You burn the centaur warrior.
You kill the centaur warrior!
Okawaru accepts your kill.
You feel better. The vault guard barely misses you.
You are confused.
You feel invigorated.
The vault guard hits you but does no damage.
You hit the cyclops. You burn the cyclops. You headbutt the cyclops.
The cyclops is lightly wounded.
The cyclops hits you but does no damage.
You hit the cyclops. You burn the cyclops.
The cyclops is lightly wounded.
The vault guard hits you from afar with a +0 bardiche.
* * * LOW HITPOINT WARNING * * *
You bump into the rock wall.
The vault guard hits you from afar with a +0 bardiche!
* * * LOW HITPOINT WARNING * * *
The cyclops hits you!
You die...

***##,,,,**,#.$.#,**,,,,***,*
,,,...,,****,...,****,,,**,,*
,**##..** *##'##* **,,,,,,*****
,,,....#* ##...## **,,*⌠,⌠,,,,,
,,*,#...#*##.....##**,..,,∩,,****
,,*.#....##.......##....*⌠,⌠,,,,,
,,,.>...........†p......#...#****
*,*##..###.#####C########...#
*,*##..###.#####@# #...#
*,,........#...#.# #...# **
***########......# #...# *, *
#.....##....#.########...####. *
#.....##.#.##'#............?..
#.....).....+∩'.......∩.......
#.....#.....#+#............... *
#.....#..#....########...###.. *
#######.......# #...# *,*


You could see a vault guard and a cyclops.

Vanquished Creatures
  The ghost of DrabberRogue the Transmogrifier, a journeyman HuIE of Sif Muna (D:12)
  A minotaur (Gauntlet)
  3 vault guards (D:13)
  Harold (D:7)
  A centaur warrior (D:13)
  A boulder beetle (D:13)
  A hydra (D:12)
  4 two-headed ogres
  2 death knights
  A skeletal warrior (D:12)
  A phantasmal warrior (D:12)
  3 manticores
  2 cyclopes
  8 gargoyles
  Maggie (D:7)
  A minotaur zombie (Gauntlet)
  An efreet (D:13)
  A freezing wraith (D:12)
  2 trolls
  A hornet (D:7)
  7 slime creatures
  A vampire (D:11)
  2 wyverns
  17 yaks
  Menkaure (D:7)
  A steam dragon (D:8)
  Grum (D:9)
  5 vampire mosquitoes (D:13)
  2 acid dragons
  A water moccasin (D:9)
  2 orc warriors
  2 black bears (D:6)
  2 ice beasts (D:6)
  6 ogres
  A necrophage (D:8)
  A sky beast (D:7)
  9 wolves
  6 centaurs
  A gnoll sergeant (D:8)
  3 kobold brigands
  5 bullfrogs
  2 scorpions
  2 water moccasin zombies
  A wyvern skeleton (D:6)
  A water moccasin skeleton (D:4)
  6 killer bees (D:10)
  3 electric eels (D:11)
  6 howler monkeys
  A bullfrog zombie (D:6)
  6 centaur zombies
  5 jellies
  Crazy Yiuf (D:5)
  7 hounds
  A bullfrog skeleton (D:4)
  2 gnoll shamans
  2 orc wizards
  A killer bee zombie (D:9)
  A hound skeleton (D:5)
  A howler monkey zombie (D:9)
  19 gnolls
  8 adders
  A shadow imp (D:8)
  2 ufetubi
  2 adder skeletons
  2 dart slugs
  21 orcs
  7 ball pythons
  10 endoplasms
  4 giant cockroaches
  7 goblins
  7 hobgoblins
  10 jackals
  3 quokkas
  6 bats
  2 frilled lizards
  23 kobolds
  2 rats
298 creatures vanquished.

Vanquished Creatures (others)
  A demonic plant (Gauntlet)
1 creature vanquished.

Grand Total: 299 creatures vanquished

Notes
Turn   | Place    | Note
-------+----------+-------------------------------------------
     0 | D:1      | a11behringer the Minotaur Fighter began the quest for the
                  | Orb.
     0 | D:1      | Reached XP level 1. HP: 19/19 MP: 0/0
   126 | D:1      | Reached XP level 2. HP: 20/27 MP: 1/1
   259 | D:1      | Reached skill level 3 in Axes
   366 | D:1      | Reached XP level 3. HP: 23/33 MP: 2/2
  1140 | D:2      | Reached XP level 4. HP: 35/40 MP: 3/3
  1162 | D:2      | Reached skill level 4 in Axes
  1332 | D:2      | Found a faded altar of an unknown god.
  1785 | D:3      | Noticed a centaur
  1793 | D:3      | Killed a centaur
  1794 | D:3      | Reached skill level 5 in Axes
  1794 | D:3      | Reached XP level 5. HP: 28/47 MP: 4/4
  2484 | D:4      | Reached XP level 6. HP: 24/53 MP: 5/5
  2501 | D:4      | Reached skill level 6 in Axes
  3479 | D:5      | Entered Level 5 of the Dungeon
  3484 | D:5      | Reached skill level 5 in Armour
  3597 | D:5      | Reached skill level 7 in Axes
  3597 | D:5      | Reached XP level 7. HP: 59/60 MP: 6/6
  3607 | D:5      | Reached skill level 5 in Fighting
  3972 | D:5      | Found the +5 scythe "Finisher" {speed, eviscerate}
  3989 | D:5      | Found a runed translucent door.
  3990 | D:5      | Noticed Crazy Yiuf
  4069 | D:5      | Found a glowing golden altar of the Shining One.
  4082 | D:5      | Reached skill level 8 in Axes
  4275 | D:5      | Found a staircase to the Ecumenical Temple.
  4284 | Temple   | Entered the Ecumenical Temple
  4304 | Temple   | Became a worshipper of Warmaster Okawaru
  4497 | D:5      | Killed Crazy Yiuf
  4932 | D:6      | Reached skill level 9 in Axes
  4932 | D:6      | Reached XP level 8. HP: 69/69 MP: 7/7
  4991 | D:6      | Reached * piety under Okawaru
  5067 | D:6      | Reached skill level 10 in Axes
  5158 | D:6      | Reached skill level 5 in Shields
  5180 | D:6      | Reached ** piety under Okawaru
  5355 | D:6      | Reached skill level 1 in Dodging
  5370 | D:6      | Reached skill level 11 in Axes
  5460 | D:6      | Reached XP level 9. HP: 70/77 MP: 8/8
  5734 | D:7      | Noticed Maggie
  5747 | D:7      | Killed Maggie
  5748 | D:7      | Reached skill level 1 in Invocations
  5977 | D:7      | Reached *** piety under Okawaru
  6132 | D:7      | Noticed a two-headed ogre
  6143 | D:7      | Killed a two-headed ogre
  6143 | D:7      | Reached **** piety under Okawaru
  6144 | D:7      | Reached skill level 12 in Axes
  6282 | D:7      | Paralysed by a hornet for 3 turns
  6289 | D:7      | Paralysed by a hornet for 3 turns
  6724 | D:7      | Noticed Harold
  6726 | D:7      | Noticed Menkaure
  6734 | D:7      | Killed Harold
  6735 | D:7      | Reached skill level 13 in Axes
  6735 | D:7      | Killed Menkaure
  6735 | D:7      | Reached ***** piety under Okawaru
  6737 | D:7      | Noticed a gargoyle
  6740 | D:7      | Reached XP level 10. HP: 41/86 MP: 9/11
  6753 | D:7      | Killed a gargoyle
  7712 | D:8      | Identified the +0 hat of Gravity {Harm Rampage rF- Dex+2}
                  | (Okawaru gifted it to you on level 8 of the Dungeon)
  7712 | D:8      | Received a gift from Okawaru
  7713 | D:8      | Reached skill level 14 in Axes
  8547 | D:9      | Noticed Grum
  8564 | D:9      | Killed Grum
  8571 | D:9      | Noticed a cyclops
  8580 | D:9      | Killed a cyclops
  8856 | D:9      | Reached skill level 15 in Axes
  9260 | D:9      | Reached XP level 11. HP: 83/95 MP: 13/13
  9399 | D:10     | Entered Level 10 of the Dungeon
  9431 | D:10     | Noticed a two-headed ogre
  9437 | D:10     | Killed a two-headed ogre
  9693 | D:10     | Reached skill level 5 in Invocations
  9922 | D:10     | Found a staircase to the Orcish Mines.
 10320 | D:11     | Received a gift from Okawaru
 10358 | D:11     | Reached skill level 16 in Axes
 10450 | D:11     | Identified the +1 robe "Juejaq" {rC- rN+ Str+4 Archmagi}
                  | (Okawaru gifted it to you on level 11 of the Dungeon)
 10450 | D:11     | Received a gift from Okawaru
 10634 | D:11     | Reached skill level 10 in Armour
 10829 | D:11     | Found a staircase to the Lair.
 11788 | D:12     | Reached skill level 17 in Axes
 11792 | D:12     | Noticed a skeletal warrior
 11804 | D:12     | Killed a skeletal warrior
 11807 | D:12     | Noticed a death knight
 11823 | D:12     | HP: 3/97 [mirror damage (7)]
 11824 | D:12     | Killed a death knight
 11824 | D:12     | HP: 1/97 [mirror damage (2)]
 11825 | D:12     | Reached XP level 12. HP: 1/105 MP: 9/15
 12341 | D:12     | Found a runed translucent door.
 12841 | D:12     | Noticed an eight-headed hydra
 12848 | D:12     | Killed a four-headed hydra
 12848 | D:12     | Identified the +11 crystal plate armour of Bellicose Wonder
                  | {rF+ rC+} (Okawaru gifted it to you on level 12 of the
                  | Dungeon)
 12848 | D:12     | Received a gift from Okawaru
 13443 | D:12     | Reached skill level 10 in Fighting
 13543 | D:12     | Noticed DrabberRogue's ghost (journeyman HuIE)
 13560 | D:12     | Killed DrabberRogue's ghost
 13731 | D:13     | Found Tugg's Magic Scroll Shop.
 13743 | D:13     | Bought a scroll of enchant armour for 105 gold pieces
 13743 | D:13     | Bought a scroll of enchant weapon for 105 gold pieces
 13743 | D:13     | Bought a scroll of magic mapping for 49 gold pieces
 13743 | D:13     | Bought 2 scrolls of enchant weapon for 210 gold pieces
 13743 | D:13     | Bought a scroll of enchant weapon for 105 gold pieces
 13780 | D:13     | Noticed a boulder beetle
 13795 | D:13     | Killed a boulder beetle
 13800 | D:13     | Found a gate leading to a gauntlet.
 13809 | Gauntlet | Entered a Gauntlet
 13809 | Gauntlet | Found a transporter.
 13945 | Gauntlet | Found a transporter.
 13946 | Gauntlet | Found a transporter.
 13953 | Gauntlet | Found a runed translucent door.
 13956 | Gauntlet | Found a transporter.
 13957 | Gauntlet | Found a transporter.
 13958 | Gauntlet | Found a transporter.
 13966 | Gauntlet | Found a transporter.
 13969 | Gauntlet | Found a transporter.
 13970 | Gauntlet | Found a transporter.
 13972 | Gauntlet | Noticed a hell beast
 13978 | Gauntlet | Found a transporter.
 13981 | Gauntlet | Found a transporter.
 13982 | Gauntlet | Found a transporter.
 13986 | Gauntlet | Found a runed translucent door.
 13986 | Gauntlet | Found a runed translucent door.
 13990 | Gauntlet | Found a transporter.
 13999 | Gauntlet | Noticed a dire elephant
 14050 | Gauntlet | Found a transporter.
 14102 | Gauntlet | Noticed a minotaur
 14109 | Gauntlet | Killed a minotaur
 14269 | D:13     | Found Fogh's Weapon Boutique.
 14284 | D:13     | Noticed a death knight
 14300 | D:13     | Killed a death knight
 14560 | D:13     | Found a gate to the Vaults.
 14560 | D:13     | Noticed a two-headed ogre
 14560 | D:13     | Noticed a centaur warrior
 14560 | D:13     | Noticed a vault guard
 14560 | D:13     | Noticed a vault guard
 14560 | D:13     | Noticed a vault guard
 14560 | D:13     | Noticed a vault guard
 14560 | D:13     | Noticed a two-headed ogre
 14584 | D:13     | Killed a vault guard
 14589 | D:13     | Killed a vault guard
 14589 | D:13     | Received a gift from Okawaru
 14590 | D:13     | Reached skill level 18 in Axes
 14595 | D:13     | Killed a vault guard
 14607 | D:13     | Killed a two-headed ogre
 14608 | D:13     | Reached XP level 13. HP: 17/116 MP: 6/18
 14627 | D:13     | Slain by a cyclops

Illustrated notes

Levels and vault maps discovered:
D:1:      dpeg_arrival_castle, layout_rooms
D:2:      layout_rooms, hellmonk_ecumenical_altar_run_dry, grunt_ministairs_12
D:3:      layout_basic
D:4:      layout_loops_cross, corexii_checkpoint_a
D:5:      layout_cave_pools, mainiacjoe_overflow_surrounded_room,
          lemuel_temple_firewalk_b, uniq_crazy_yiuf_cottage
D:6:      layout_basic, kennysheep_generic_room_9
D:7:      layout_loops_corners, uniq_harold, uniq_maggie, uniq_menkaure
D:8:      layout_basic
D:9:      layout_rooms, uniq_grum
D:10:     layout_rooms, orc_0_dummy
D:11:     cheibrodos_statue_roulette, layout_long_grid, erik_lair_island
D:12:     layout_basic, ebering_ghost_reflecting_pool
D:13:     layout_loops_cross, lightli_vaults_fourway_checkpoint,
          gauntlet_entry_generic, serial_shops, shop, nicolae_diamond_shop,
          nicolae_diamond_shop, shop_fountains, nicolae_shop_behind_doors,
          grunt_qazlal_sundering
Temple:   mainiacjoe_temple_archimedes_tessellation

Skill      XL: |  1  2  3  4  5  6  7  8  9 10 11 12 |
---------------+-------------------------------------+-----
Fighting       | 4 5 6 7 8 9 11 | 11.2
Axes           | 3 5 7 9 11 13 15 17 18 | 18.2
Armour         | 4 5 6 7 9 10 12 | 12.7
Shields        | 4 5 |  5.0
Dodging        | 1 |  1.0
Invocations    | 3 4 6 8 |  8.4

Action                   |  1- 3 |  4- 6 |  7- 9 | 10-12 | 13-15 || total
-------------------------+-------+-------+-------+-------+-------++-------
Melee: War axe           |    81 |   130 |   206 |   473 |    15 ||   905
       Headbutt          |    12 |    28 |    50 |   131 |     7 ||   228
Invok: Heroism           |       |       |     3 |    17 |       ||    20
       Finesse           |       |       |       |     6 |       ||     6
  Use: Scroll            |     2 |     1 |    12 |    11 |       ||    26
       Potion            |       |       |     2 |     4 |     3 ||     9
Armor: Scale mail        |    39 |    13 |       |       |       ||    52
       Plate armour      |       |    85 |    89 |   196 |       ||   370
       Crystal plate arm |       |       |       |    45 |     6 ||    51
Dodge: Dodged            |    36 |    62 |    51 |   125 |     4 ||   278
Block: Buckler           |    24 |    30 |    48 |    86 |     4 ||   192

Table legend: (Time is in decaauts)
 A = Elapsed time spent in this place.
 B = Non-inter-level travel time spent in this place.
 C = Inter-level travel time spent in this place.
 D = Time resting spent in this place.
 E = Time spent auto-exploring this place.
 F = Levels seen in this place.
 G = Mean time per level.
                   A        B        C        D        E       F      G
               +--------+--------+--------+--------+--------+-----+--------+
         Total |  14529 |  12849 |   1680 |      0 |  10748 |  15 |  968.6 |
       Dungeon |  14044 |  12390 |   1654 |      0 |  10601 |  13 | 1080.3 |
        Temple |     41 |     15 |     26 |      0 |     10 |   1 |   41.0 |
      Gauntlet |    442 |    442 |      0 |      0 |    137 |   1 |  442.0 |
               +--------+--------+--------+--------+--------+-----+--------+

Top non-repeatable levels by time:
    D:12: 2020 daAuts
     D:7: 1808 daAuts
    D:11: 1306 daAuts
     D:5: 1149 daAuts
     D:8: 1057 daAuts
     D:4: 1034 daAuts
     D:6: 997 daAuts
    D:10: 893 daAuts
     D:2: 892 daAuts
     D:9: 839 daAuts
     D:1: 823 daAuts
     D:3: 787 daAuts
Gauntlet: 442 daAuts
    D:13: 435 daAuts
  Temple: 41 daAuts
